Knights vs Griffins
Created - October 25, 2019 at 19:24
Goals
|
Knights |
3 |
2 |
0 |
5 |
Griffins |
3 |
0 |
1 |
4 |
|
Shots
|
Knights |
12 |
10 |
10 |
32 |
Griffins |
14 |
8 |
11 |
33 |
|
1st period
1. Knights , Josh Bailey 3 (Miro Aaltonen 1) at 1:45
2. Griffins , Tye McGinn 1 (Marko Dano 1) at 12:22
3. Griffins , Brandon Pirri 1 (Anton Slepyshev 1, Gord Baldwin 1) at 13:24
4. Griffins , Marko Dano 1 (Simon Despres 1, Tye McGinn 1) at 17:01
5. Knights , Brandon Saad 1 (Michael Matheson 1, Noel Acciari 1) at 17:50
6. Knights , Noel Acciari 1 (Linden Vey 1) at 18:27
Penalties :
Scott Wilson (Lon) for Slashing (Minor) at 7:46
2nd period
7. Knights , Nicolas Petan 1 (Ludwig Bystrom 2) at 11:19
8. Knights , Linden Vey 1 (Brandon Saad 1, Noel Acciari 2) at 18:59
Penalties :
Anton Slepyshev (Cap) for Interference (Minor) at 6:19
3rd period
9. Griffins , Nicholas Baptiste 1 (Rourke Chartier 1, Brendan Woods 1) at 15:18
Penalties :
Brandon Montour (Lon) for Hooking (Minor) at 15:28
Goalie Stats
Magnus Hellberg (Lon), 29 saves from 33 shots - (0.879), W, 1-0-1, 60:00 minutes
Jean-Francois Berube (Cap), 17 saves from 22 shots - (0.773), L, 0-2-0, 38:59 minutes
Olivier Roy (Cap), 10 saves from 10 shots - (1.000), 20:58 minutes
Players Stats for Knights
Player Name G A P +/- PIM S H SB GA TA FO MP PP MP PK MP
------------------------------------------------------------------------------------
Brandon Montour 0 0 0 0 2 1 0 5 0 1 0/0 21:08 0:00 0:26
Brandon Saad 1 1 2 2 0 3 3 1 0 0 2/2 19:53 1:03 1:46
Brendan Gaunce 0 0 0 0 0 0 1 0 0 1 1/5 13:43 0:01 0:15
Collin Miller 0 0 0 -1 0 0 3 1 0 0 0/0 20:14 1:08 1:53
Jordan Martinook 0 0 0 0 0 4 1 1 0 1 0/1 13:26 0:00 0:06
Josh Bailey 1 0 1 -2 0 3 3 1 1 0 0/0 17:39 1:03 1:56
Linden Vey 1 1 2 2 0 3 4 1 1 0 0/2 18:48 0:55 0:36
Ludwig Bystrom 0 1 1 0 0 0 1 2 0 0 0/0 13:59 0:51 0:10
Matthew Benning 0 0 0 0 0 0 0 0 0 1 0/0 14:05 0:00 1:12
Michael Matheson 0 1 1 1 0 2 2 0 0 1 0/0 23:33 0:51 2:20
Miro Aaltonen 0 1 1 -2 0 2 4 0 2 0 4/9 17:26 0:55 1:51
Nathan Walker 0 0 0 -2 0 0 1 1 0 2 0/1 15:53 0:55 0:00
Nicolas Petan 1 0 1 1 0 1 0 0 0 0 4/5 8:39 0:00 0:00
Nikolay Goldobin 0 0 0 0 0 3 1 0 0 0 1/2 13:20 0:00 0:00
Noel Acciari 1 2 3 2 0 8 0 0 0 1 10/26 19:18 1:03 1:16
Scott Wilson 0 0 0 1 2 0 3 0 0 0 0/0 8:51 0:01 0:10
Tomas Kundratek 0 0 0 2 0 0 1 2 0 1 0/0 27:05 1:08 1:55
Vince Hinostroza 0 0 0 1 0 2 0 0 0 1 0/0 9:00 0:01 0:00
Players Stats for Griffins
Player Name G A P +/- PIM S H SB GA TA FO MP PP MP PK MP
------------------------------------------------------------------------------------
Anton Slepyshev 0 1 1 0 2 3 1 0 1 0 0/1 20:33 1:48 0:00
Ben Hanowski 0 0 0 1 0 0 0 0 0 0 0/0 17:35 2:10 0:00
Brandon Pirri 1 0 1 0 0 3 1 0 1 1 2/3 18:34 0:00 1:03
Brendan Woods 0 1 1 -1 0 2 0 0 0 0 0/0 9:50 0:00 1:03
Danny Kristo 0 0 0 -1 0 0 2 0 0 0 0/0 13:29 1:48 0:21
Gord Baldwin 0 1 1 1 0 2 0 1 1 0 0/0 19:10 1:15 1:09
Haydn Fleury 0 0 0 -1 0 0 0 3 1 0 0/0 22:01 0:00 1:09
Marcus Pettersson 0 0 0 1 0 1 0 0 0 0 0/0 18:10 1:15 0:00
Mark Jankowski 0 0 0 -1 0 2 1 0 0 0 3/4 12:17 0:00 0:27
Marko Dano 1 1 2 1 0 5 0 0 2 0 13/25 18:04 2:10 0:29
Mirco Mueller 0 0 0 -1 0 1 0 4 0 0 0/0 17:57 0:00 0:50
Nathan Gerbe 0 0 0 0 0 3 3 2 2 0 9/14 20:14 1:48 0:00
Nicholas Baptiste 1 0 1 -1 0 1 0 1 0 1 0/0 9:47 0:00 0:00
Petter Granberg 0 0 0 -1 0 3 3 1 0 0 0/0 23:27 2:43 0:00
Rourke Chartier 0 1 1 -1 0 0 0 1 0 0 2/4 8:07 0:00 0:00
Simon Despres 0 1 1 -1 0 1 0 0 2 2 0/0 19:15 2:43 0:50
Sonny Milano 0 0 0 -1 0 1 2 0 0 0 0/0 11:20 0:00 0:00
Tye McGinn 1 1 2 1 0 5 2 0 0 0 2/2 18:10 2:10 0:35
3 Stars
1 - Linden Vey (Lon)
2 - Noel Acciari (Lon)
3 - Brandon Saad (Lon)
Power Play
Knights - 0 on 1 Attempt(s) - 0.00%
Griffins - 0 on 2 Attempt(s) - 0.00%
Penalty Kill
Knights - 2 on 2 Attempt(s) - 100.00%
- Score 0 goal in Penalty Kill
Griffins - 1 on 1 Attempt(s) - 100.00%
- Score 0 goal in Penalty Kill
Team Stat
Knights - Hits : 28 - Faceoff Wins : 22 - Blocked Shots : 15 - Penalty Minutes : 4
Griffins - Hits : 15 - Faceoff Wins : 31 - Blocked Shots : 13 - Penalty Minutes : 2
Official
Referees : Unknown
Linesman : Unknown
Game Notes
Olivier Roy enters game at 18:59 of 2nd period
Finance
Level 1 -- Attendance: 1543 (77.15%) -- Ticket Income $54,005
Level 2 -- Attendance: 694 (69.40%) -- Ticket Income $13,880
Total Attendance: 2237 (74.57%)
Total Ticket Income: $67,885
Other Income: $3,394
Total Income: $71,279
Knights
5 vs 5 Forward
Center Left Wing Right Wing Time % Phy DF OF
1 Noel Acciari Brandon Saad Linden Vey 40 1 2 2
2 Miro Aaltonen Nathan Walker Josh Bailey 30 1 2 2
3 Brendan Gaunce Jordan Martinook Nikolay Goldobin 20 1 2 2
4 Nicolas Petan Scott Wilson Vince Hinostroza 10 1 2 2
5 vs 5 Defense
Defense Defense Time % Phy DF OF
1 Tomas Kundratek Michael Matheson 40 1 2 2
2 Brandon Montour Collin Miller 30 1 2 2
3 Matthew Benning Ludwig Bystrom 20 1 2 2
4 Brandon Montour Tomas Kundratek 10 1 2 2
PowerPlay Forward
Center Left Wing Right Wing Time % Phy DF OF
1 Noel Acciari Brandon Saad Josh Bailey 60 1 1 3
2 Miro Aaltonen Nathan Walker Linden Vey 40 1 1 3
PowerPlay Defense
Defense Defense Time % Phy DF OF
1 Tomas Kundratek Collin Miller 60 0 1 4
2 Michael Matheson Ludwig Bystrom 40 0 1 4
Penalty Kill 4 Players Forward
Center Wing Time % Phy DF OF
1 Miro Aaltonen Josh Bailey 60 1 3 1
2 Linden Vey Brandon Saad 40 1 3 1
Penalty Kill 4 Players Defense
Defense Defense Time % Phy DF OF
1 Brandon Montour Tomas Kundratek 60 1 3 1
2 Michael Matheson Collin Miller 40 1 3 1
Penalty Kill - 3 Players Forward
Forward Time % Phy DF OF
1 Josh Bailey 60 0 4 1
2 Linden Vey 40 0 4 1
Penalty Kill - 3 Players Defense
Defense Defense Time % Phy DF OF
1 Brandon Montour Tomas Kundratek 60 1 3 1
2 Michael Matheson Collin Miller 40 1 3 1
4 vs 4 Forward
Center Wing Time % Phy DF OF
1 Miro Aaltonen Josh Bailey 60 1 2 2
2 Noel Acciari Brandon Saad 40 1 2 2
4 vs 4 Defense
Defense Defense Time % Phy DF OF
1 Tomas Kundratek Brandon Montour 60 1 2 2
2 Michael Matheson Collin Miller 40 1 2 2
Last Minutes Offensive
Center Left Wing Right Wing Defense Defense
Miro Aaltonen Brandon Saad Josh Bailey Tomas Kundratek Collin Miller
Last Minutes Defensive
Center Left Wing Right Wing Defense Defense
Noel Acciari Brandon Saad Josh Bailey Michael Matheson Tomas Kundratek
Goaltenders
Starting : Magnus Hellberg
Backup : Elvis Merzlikins
Extra Forwards
Normal : Josh Bailey, Linden Vey, Miro Aaltonen - PP : Josh Bailey, Miro Aaltonen - PK : Josh Bailey
Extra Defensemen
Normal : Tomas Kundratek, Michael Matheson, Brandon Montour - PP : Tomas Kundratek - PK : Tomas Kundratek, Michael Matheson
Penalty Shots
Miro Aaltonen, Noel Acciari, Josh Bailey, Brandon Saad, Linden Vey
Scratches
Zach Nastasiuk (Healthy), Nicklas Jensen (Healthy), Alan Quine (Healthy), David Shields (Healthy), Trevor Moore (Healthy)
Curtis Valk (Healthy), Anthony Louis (Healthy), Brett Connolly (Healthy), Travis Boyd (Healthy), Fredrik Claesson (Healthy)
Barclay Goodrow (Healthy), Anton Blidh (Healthy), Jayce Hawryluk (Healthy), A.J. Jenks (Healthy), Ryan Collins (Healthy)
William Lagesson (Healthy), Eamon McAdam (Healthy), Philippe Desrosiers (Healthy), Ville Husso (Healthy)
Griffins
5 vs 5 Forward
Center Left Wing Right Wing Time % Phy DF OF
1 Marko Dano Tye McGinn Ben Hanowski 35 0 2 3
2 Nathan Gerbe Anton Slepyshev Brandon Pirri 35 0 2 3
3 Mark Jankowski Sonny Milano Danny Kristo 20 0 2 3
4 Rourke Chartier Brendan Woods Nicholas Baptiste 10 0 2 3
5 vs 5 Defense
Defense Defense Time % Phy DF OF
1 Petter Granberg Haydn Fleury 40 0 2 3
2 Gord Baldwin Marcus Pettersson 30 0 3 2
3 Simon Despres Mirco Mueller 20 0 3 2
4 Simon Despres Mirco Mueller 10 1 2 2
PowerPlay Forward
Center Left Wing Right Wing Time % Phy DF OF
1 Marko Dano Tye McGinn Ben Hanowski 60 0 1 4
2 Nathan Gerbe Anton Slepyshev Danny Kristo 40 0 1 4
PowerPlay Defense
Defense Defense Time % Phy DF OF
1 Petter Granberg Simon Despres 60 0 1 4
2 Gord Baldwin Marcus Pettersson 40 0 1 4
Penalty Kill 4 Players Forward
Center Wing Time % Phy DF OF
1 Brendan Woods Brandon Pirri 60 1 2 2
2 Danny Kristo Mark Jankowski 40 1 2 2
Penalty Kill 4 Players Defense
Defense Defense Time % Phy DF OF
1 Gord Baldwin Haydn Fleury 60 1 2 2
2 Simon Despres Mirco Mueller 40 1 2 2
Penalty Kill - 3 Players Forward
Forward Time % Phy DF OF
1 Brendan Woods 60 1 2 2
2 Danny Kristo 40 1 2 2
Penalty Kill - 3 Players Defense
Defense Defense Time % Phy DF OF
1 Gord Baldwin Haydn Fleury 60 1 2 2
2 Simon Despres Mirco Mueller 40 1 2 2
4 vs 4 Forward
Center Wing Time % Phy DF OF
1 Marko Dano Tye McGinn 50 1 2 2
2 Nathan Gerbe Ben Hanowski 50 1 2 2
4 vs 4 Defense
Defense Defense Time % Phy DF OF
1 Simon Despres Petter Granberg 60 1 2 2
2 Gord Baldwin Marcus Pettersson 40 1 2 2
Last Minutes Offensive
Center Left Wing Right Wing Defense Defense
Marko Dano Tye McGinn Ben Hanowski Petter Granberg Marcus Pettersson
Last Minutes Defensive
Center Left Wing Right Wing Defense Defense
Marko Dano Brendan Woods Danny Kristo Gord Baldwin Haydn Fleury
Goaltenders
Starting : Jean-Francois Berube
Backup : Olivier Roy
Extra Forwards
Normal : Marko Dano, Nathan Gerbe, Mark Jankowski - PP : Brandon Pirri, Mark Jankowski - PK : Marko Dano
Extra Defensemen
Normal : Petter Granberg, Gord Baldwin, Simon Despres - PP : Mirco Mueller - PK : Petter Granberg, Marcus Pettersson
Penalty Shots
Nathan Gerbe, Rourke Chartier, Danny Kristo, Marko Dano, Sonny Milano
Scratches
Vladislav Namestnikov (Healthy), Garrett Wilson (Healthy), Tanner Kero (Healthy), Greg McKegg (Healthy), Konrad Abeltshauser (Healthy)
Tomas Hyka (Healthy), Ian McCoshen (Healthy), Ryan Mantha (Healthy), Jack Ramsey (Healthy), Marcus Hogberg (Healthy)
Hayden Hawkey (Healthy)
% Time on Ice - Knights
Lines # - Real PCT - Wanted PCT - Time Play
Normal Forward
1 - 32% - 40% - 17:06
2 - 28% - 30% - 14:58
3 - 25% - 20% - 13:20
4 - 16% - 10% - 8:39
Normal Defense
1 - 38% - 40% - 20:27
2 - 30% - 30% - 16:16
3 - 24% - 20% - 12:56
4 - 8% - 10% - 4:24
PP Forward
1 - 54% - 60% - 1:04
2 - 46% - 40% - 0:55
PP Defense
1 - 57% - 60% - 1:08
2 - 43% - 40% - 0:51
PK Forward
1 - 85% - 60% - 3:22
2 - 15% - 40% - 0:36
PK Defense
1 - 72% - 60% - 2:51
2 - 28% - 40% - 1:07
PK3 Forward
1 - 0% - 60%
2 - 0% - 40%
PK3 Defense
1 - 0% - 60%
2 - 0% - 40%
44 Forward
1 - 0% - 60%
2 - 0% - 40%
44 Defense
1 - 0% - 60%
2 - 0% - 40%
Last Minute Offensive - 0:00
Last Minute Defensive - 0:00
Total
Forward - 60:00
Defense - 60:00
|
% Time on Ice - Griffins
Lines # - Real PCT - Wanted PCT - Time Play
Normal Forward
1 - 29% - 35% - 15:49
2 - 35% - 35% - 18:47
3 - 21% - 20% - 11:20
4 - 15% - 10% - 8:07
Normal Defense
1 - 39% - 40% - 20:54
2 - 32% - 30% - 17:19
3 - 20% - 20% - 10:52
4 - 9% - 10% - 4:58
PP Forward
1 - 55% - 60% - 2:10
2 - 45% - 40% - 1:48
PP Defense
1 - 68% - 60% - 2:43
2 - 32% - 40% - 1:15
PK Forward
1 - 82% - 60% - 1:38
2 - 18% - 40% - 0:21
PK Defense
1 - 58% - 60% - 1:09
2 - 42% - 40% - 0:50
PK3 Forward
1 - 0% - 60%
2 - 0% - 40%
PK3 Defense
1 - 0% - 60%
2 - 0% - 40%
44 Forward
1 - 0% - 50%
2 - 0% - 50%
44 Defense
1 - 0% - 60%
2 - 0% - 40%
Last Minute Offensive - 0:00
Last Minute Defensive - 0:00
Total
Forward - 60:00
Defense - 60:00
|
Play-by-Play
1st period
0:01 of 1st period - Noel Acciari wins face-off versus Marko Dano in neutral zone.
0:16 of 1st period - Snap shot by Brandon Saad.
0:16 of 1st period - Shot Misses the Net.
0:30 of 1st period - Snap shot by Miro Aaltonen.
0:30 of 1st period - Stopped by Jean-Francois Berube with a rebound.
1:21 of 1st period - Snap shot by Mark Jankowski.
1:21 of 1st period - Deflect By Vince Hinostroza.
1:21 of 1st period - Stopped by Magnus Hellberg without a rebound.
1:22 of 1st period - Noel Acciari wins face-off versus Brandon Pirri in Knights zone.
1:37 of 1st period - Snap shot by Noel Acciari.
1:37 of 1st period - Stopped by Jean-Francois Berube without a rebound.
1:38 of 1st period - Miro Aaltonen wins face-off versus Marko Dano in Griffins zone.
1:45 of 1st period - Snap shot by Josh Bailey.
1:45 of 1st period - Goal by Josh Bailey - Knights : 1 - Griffins : 0.
1:46 of 1st period - Miro Aaltonen wins face-off versus Marko Dano in neutral zone.
1:51 of 1st period - Tye McGinn is hit by Nathan Walker and loses puck.
2:37 of 1st period - Snap shot by Mark Jankowski.
2:37 of 1st period - Shot Misses the Net.
3:58 of 1st period - Wrist shot by Nikolay Goldobin.
3:58 of 1st period - Stopped by Jean-Francois Berube without a rebound.
3:59 of 1st period - Mark Jankowski wins face-off versus Brendan Gaunce in Griffins zone.
4:08 of 1st period - Snap shot by Mark Jankowski.
4:08 of 1st period - Stopped by Magnus Hellberg without a rebound.
4:09 of 1st period - Nathan Gerbe wins face-off versus Noel Acciari in Knights zone.
4:14 of 1st period - Wrist shot by Anton Slepyshev.
4:14 of 1st period - Shot Blocked by Brandon Saad.
4:16 of 1st period - Snap shot by Petter Granberg.
4:16 of 1st period - Stopped by Magnus Hellberg with a rebound.
4:18 of 1st period - Snap shot by Anton Slepyshev.
4:18 of 1st period - Shot Blocked by Brandon Montour.
4:42 of 1st period - Slapshot by Miro Aaltonen.
4:42 of 1st period - Shot Misses the Net.
4:44 of 1st period - Slapshot by Josh Bailey.
4:44 of 1st period - Stopped by Jean-Francois Berube without a rebound.
4:45 of 1st period - Brandon Saad wins face-off versus Nathan Gerbe in Griffins zone.
5:19 of 1st period - Gord Baldwin is hit by Michael Matheson and loses puck.
5:38 of 1st period - Wrist shot by Vince Hinostroza.
5:38 of 1st period - Stopped by Jean-Francois Berube without a rebound.
5:39 of 1st period - Nathan Gerbe wins face-off versus Noel Acciari in Griffins zone.
5:48 of 1st period - Slapshot by Anton Slepyshev.
5:48 of 1st period - Shot Misses the Net.
5:50 of 1st period - Backhand shot by Mirco Mueller.
5:50 of 1st period - Stopped by Magnus Hellberg with a rebound.
5:52 of 1st period - Slapshot by Brandon Pirri.
5:52 of 1st period - Shot Blocked by Ludwig Bystrom.
5:54 of 1st period - Wrist shot by Simon Despres.
5:54 of 1st period - Shot Blocked by Linden Vey.
6:06 of 1st period - Mark Jankowski is hit by Brendan Gaunce.
6:24 of 1st period - Snap shot by Brendan Woods.
6:24 of 1st period - Shot Misses the Net.
6:26 of 1st period - Slapshot by Haydn Fleury.
6:26 of 1st period - Shot Blocked by Tomas Kundratek.
6:28 of 1st period - Snap shot by Petter Granberg.
6:28 of 1st period - Shot Blocked by Josh Bailey.
6:30 of 1st period - Slapshot by Gord Baldwin.
6:30 of 1st period - Stopped by Magnus Hellberg with a rebound.
6:32 of 1st period - Snap shot by Gord Baldwin.
6:32 of 1st period - Shot Blocked by Brandon Montour.
6:34 of 1st period - Slapshot by Gord Baldwin.
6:34 of 1st period - Shot Blocked by Brandon Montour.
6:44 of 1st period - Gord Baldwin is hit by Scott Wilson.
7:04 of 1st period - Tomas Kundratek is hit by Nathan Gerbe and loses puck.
7:46 of 1st period - Minor Penalty to Scott Wilson for Slashing.
7:47 of 1st period - Tye McGinn wins face-off versus Miro Aaltonen in Knights zone.
8:02 of 1st period - Collin Miller is hit by Tye McGinn and loses puck.
9:46 of 1st period - Penalty to Scott Wilson is over, Scott Wilson is back on ice.
9:52 of 1st period - Off-side.
9:53 of 1st period - Brendan Gaunce wins face-off versus Rourke Chartier in neutral zone.
10:32 of 1st period - Marko Dano is hit by Linden Vey and loses puck.
10:47 of 1st period - Miro Aaltonen is hit by Anton Slepyshev and loses puck.
11:24 of 1st period - Brandon Montour is hit by Sonny Milano and loses puck.
11:46 of 1st period - Off-side.
11:47 of 1st period - Nathan Gerbe wins face-off versus Jordan Martinook in neutral zone.
12:16 of 1st period - Snap shot by Marko Dano.
12:16 of 1st period - Shot Misses the Net.
12:18 of 1st period - Snap shot by Marko Dano.
12:18 of 1st period - Stopped by Magnus Hellberg with a rebound.
12:20 of 1st period - Wrist shot by Tye McGinn.
12:20 of 1st period - Stopped by Magnus Hellberg with a rebound.
12:22 of 1st period - Wrist shot by Tye McGinn.
12:22 of 1st period - Goal by Tye McGinn - Knights : 1 - Griffins : 1.
12:23 of 1st period - Nathan Gerbe wins face-off versus Noel Acciari in neutral zone.
12:32 of 1st period - Slapshot by Brandon Saad.
12:32 of 1st period - Deflect By Gord Baldwin.
12:32 of 1st period - Shot Misses the Net.
12:32 of 1st period - Puck is out of play.
12:33 of 1st period - Nathan Gerbe wins face-off versus Noel Acciari in Griffins zone.
12:35 of 1st period - Icing by Brandon Pirri.
12:36 of 1st period - Nathan Gerbe wins face-off versus Noel Acciari in Griffins zone.
12:59 of 1st period - Snap shot by Miro Aaltonen.
12:59 of 1st period - Shot Misses the Net.
13:05 of 1st period - Josh Bailey is hit by Brandon Pirri and loses puck.
13:18 of 1st period - Wrist shot by Nathan Gerbe.
13:18 of 1st period - Shot Misses the Net.
13:22 of 1st period - Slapshot by Anton Slepyshev.
13:22 of 1st period - Stopped by Magnus Hellberg with a rebound.
13:24 of 1st period - Backhand shot by Brandon Pirri.
13:24 of 1st period - Goal by Brandon Pirri - Knights : 1 - Griffins : 2.
13:25 of 1st period - Noel Acciari wins face-off versus Marko Dano in neutral zone.
13:50 of 1st period - Miro Aaltonen is hit by Sonny Milano and loses puck.
14:11 of 1st period - Snap shot by Danny Kristo.
14:11 of 1st period - Deflect By Brandon Pirri.
14:11 of 1st period - Shot Misses the Net.
14:11 of 1st period - Puck is out of play.
14:12 of 1st period - Nikolay Goldobin wins face-off versus Nathan Gerbe in Knights zone.
14:21 of 1st period - Snap shot by Brendan Gaunce.
14:21 of 1st period - Shot Misses the Net.
14:52 of 1st period - Snap shot by Brendan Gaunce.
14:52 of 1st period - Shot Blocked by Haydn Fleury.
14:54 of 1st period - Slapshot by Michael Matheson.
14:54 of 1st period - Shot Misses the Net.
14:56 of 1st period - Snap shot by Michael Matheson.
14:56 of 1st period - Stopped by Jean-Francois Berube without a rebound.
14:57 of 1st period - Noel Acciari wins face-off versus Marko Dano in Griffins zone.
14:58 of 1st period - Snap shot by Linden Vey.
14:58 of 1st period - Stopped by Jean-Francois Berube without a rebound.
14:59 of 1st period - Marko Dano wins face-off versus Noel Acciari in Griffins zone.
15:12 of 1st period - Snap shot by Marko Dano.
15:12 of 1st period - Deflect By Tye McGinn.
15:12 of 1st period - Stopped by Magnus Hellberg with a rebound.
15:14 of 1st period - Slapshot by Ben Hanowski.
15:14 of 1st period - Shot Misses the Net.
15:40 of 1st period - Marcus Pettersson is hit by Josh Bailey and loses puck.
15:50 of 1st period - Off-side.
15:51 of 1st period - Nicolas Petan wins face-off versus Nathan Gerbe in neutral zone.
15:56 of 1st period - Slapshot by Tomas Kundratek.
15:56 of 1st period - Shot Blocked by Haydn Fleury.
16:11 of 1st period - Anton Slepyshev is hit by Scott Wilson and loses puck.
16:23 of 1st period - Snap shot by Nathan Gerbe.
16:23 of 1st period - Shot Misses the Net.
16:25 of 1st period - Wrist shot by Nathan Gerbe.
16:25 of 1st period - Shot Blocked by Tomas Kundratek.
16:27 of 1st period - Snap shot by Anton Slepyshev.
16:27 of 1st period - Shot Misses the Net.
16:29 of 1st period - Slapshot by Nathan Gerbe.
16:29 of 1st period - Shot Misses the Net.
16:31 of 1st period - Snap shot by Nathan Gerbe.
16:31 of 1st period - Stopped by Magnus Hellberg with a rebound.
16:33 of 1st period - Slapshot by Petter Granberg.
16:33 of 1st period - Stopped by Magnus Hellberg with a rebound.
16:35 of 1st period - Slapshot by Anton Slepyshev.
16:35 of 1st period - Shot Misses the Net.
16:37 of 1st period - Slapshot by Haydn Fleury.
16:37 of 1st period - Deflect By Nathan Gerbe.
16:37 of 1st period - Shot Misses the Net.
16:37 of 1st period - Puck is out of play.
16:38 of 1st period - Marko Dano wins face-off versus Noel Acciari in Knights zone.
16:39 of 1st period - Snap shot by Ben Hanowski.
16:39 of 1st period - Shot Misses the Net.
16:47 of 1st period - Wrist shot by Linden Vey.
16:47 of 1st period - Shot Misses the Net.
16:49 of 1st period - Snap shot by Noel Acciari.
16:49 of 1st period - Deflect By Linden Vey.
16:49 of 1st period - Stopped by Jean-Francois Berube without a rebound.
16:50 of 1st period - Marko Dano wins face-off versus Linden Vey in Griffins zone.
17:01 of 1st period - Snap shot by Marko Dano.
17:01 of 1st period - Goal by Marko Dano - Knights : 1 - Griffins : 3.
17:02 of 1st period - Noel Acciari wins face-off versus Marko Dano in neutral zone.
17:05 of 1st period - Ben Hanowski is hit by Brandon Saad and loses puck.
17:18 of 1st period - Icing by Tomas Kundratek.
17:19 of 1st period - Noel Acciari wins face-off versus Nathan Gerbe in Knights zone.
17:44 of 1st period - Wrist shot by Linden Vey.
17:44 of 1st period - Deflect By Noel Acciari.
17:44 of 1st period - Stopped by Jean-Francois Berube with a rebound.
17:46 of 1st period - Slapshot by Michael Matheson.
17:46 of 1st period - Shot Blocked by Nathan Gerbe.
17:48 of 1st period - Slapshot by Michael Matheson.
17:48 of 1st period - Shot Misses the Net.
17:50 of 1st period - Wrist shot by Brandon Saad.
17:50 of 1st period - Goal by Brandon Saad - Knights : 2 - Griffins : 3.
17:51 of 1st period - Marko Dano wins face-off versus Miro Aaltonen in neutral zone.
18:27 of 1st period - Slapshot by Noel Acciari.
18:27 of 1st period - Goal by Noel Acciari - Knights : 3 - Griffins : 3.
18:28 of 1st period - Noel Acciari wins face-off versus Marko Dano in neutral zone.
18:53 of 1st period - Marcus Pettersson is hit by Josh Bailey and loses puck.
Goals for this period are 3 for Knights vs 3 for Griffins.
Shots for this period are 12 for Knights vs 14 for Griffins.
2nd period
0:01 of 2nd period - Marko Dano wins face-off versus Noel Acciari in neutral zone.
0:10 of 2nd period - Wrist shot by Michael Matheson.
0:10 of 2nd period - Stopped by Jean-Francois Berube with a rebound.
0:47 of 2nd period - Off-side.
0:48 of 2nd period - Brandon Pirri wins face-off versus Brendan Gaunce in neutral zone.
1:43 of 2nd period - Snap shot by Danny Kristo.
1:43 of 2nd period - Shot Misses the Net.
1:49 of 2nd period - Wrist shot by Sonny Milano.
1:49 of 2nd period - Stopped by Magnus Hellberg without a rebound.
1:50 of 2nd period - Nathan Gerbe wins face-off versus Nikolay Goldobin in Knights zone.
2:38 of 2nd period - Marcus Pettersson is hit by Josh Bailey and loses puck.
2:51 of 2nd period - Danny Kristo is hit by Miro Aaltonen and loses puck.
3:29 of 2nd period - Anton Slepyshev is hit by Michael Matheson.
4:11 of 2nd period - Slapshot by Petter Granberg.
4:11 of 2nd period - Deflect By Miro Aaltonen.
4:11 of 2nd period - Stopped by Magnus Hellberg without a rebound.
4:12 of 2nd period - Mark Jankowski wins face-off versus Miro Aaltonen in Knights zone.
4:15 of 2nd period - Snap shot by Danny Kristo.
4:15 of 2nd period - Shot Blocked by Collin Miller.
4:37 of 2nd period - Brandon Montour is hit by Nathan Gerbe and loses puck.
4:49 of 2nd period - Slapshot by Nathan Gerbe.
4:49 of 2nd period - Stopped by Magnus Hellberg with a rebound.
5:05 of 2nd period - Gord Baldwin is hit by Collin Miller and loses puck.
5:24 of 2nd period - Wrist shot by Vince Hinostroza.
5:24 of 2nd period - Stopped by Jean-Francois Berube without a rebound.
5:25 of 2nd period - Nathan Gerbe wins face-off versus Nicolas Petan in Griffins zone.
5:37 of 2nd period - Off-side.
5:38 of 2nd period - Noel Acciari wins face-off versus Marko Dano in neutral zone.
6:19 of 2nd period - Minor Penalty to Anton Slepyshev for Interference.
6:20 of 2nd period - Brandon Pirri wins face-off versus Noel Acciari in Griffins zone.
7:08 of 2nd period - Wrist shot by Danny Kristo.
7:08 of 2nd period - Shot Blocked by Ludwig Bystrom.
8:19 of 2nd period - Penalty to Anton Slepyshev is over, Anton Slepyshev is back on ice.
8:24 of 2nd period - Simon Despres is hit by Nikolay Goldobin and loses puck.
8:42 of 2nd period - Wrist shot by Simon Despres.
8:42 of 2nd period - Deflect By Nikolay Goldobin.
8:42 of 2nd period - Stopped by Magnus Hellberg without a rebound.
8:43 of 2nd period - Nicolas Petan wins face-off versus Mark Jankowski in Knights zone.
8:43 of 2nd period - Nicolas Petan is hit by Petter Granberg.
9:01 of 2nd period - Vince Hinostroza is hit by Mark Jankowski and loses puck.
10:14 of 2nd period - Mark Jankowski is hit by Brandon Saad and loses puck.
10:26 of 2nd period - Off-side.
10:27 of 2nd period - Marko Dano wins face-off versus Nathan Walker in neutral zone.
10:35 of 2nd period - Slapshot by Mirco Mueller.
10:35 of 2nd period - Shot Blocked by Nathan Walker.
10:37 of 2nd period - Slapshot by Simon Despres.
10:37 of 2nd period - Deflect By Marko Dano.
10:37 of 2nd period - Stopped by Magnus Hellberg with a rebound.
10:39 of 2nd period - Snap shot by Ben Hanowski.
10:39 of 2nd period - Shot Misses the Net.
10:55 of 2nd period - Snap shot by Brendan Gaunce.
10:55 of 2nd period - Shot Misses the Net.
10:57 of 2nd period - Snap shot by Brendan Gaunce.
10:57 of 2nd period - Shot Misses the Net.
10:59 of 2nd period - Slapshot by Brendan Gaunce.
10:59 of 2nd period - Shot Blocked by Mirco Mueller.
11:01 of 2nd period - Wrist shot by Jordan Martinook.
11:01 of 2nd period - Shot Misses the Net.
11:03 of 2nd period - Wrist shot by Nikolay Goldobin.
11:03 of 2nd period - Shot Blocked by Mirco Mueller.
11:19 of 2nd period - Slapshot by Nicolas Petan.
11:19 of 2nd period - Goal by Nicolas Petan - Knights : 4 - Griffins : 3.
11:20 of 2nd period - Noel Acciari wins face-off versus Marko Dano in neutral zone.
11:22 of 2nd period - Michael Matheson is hit by Petter Granberg and loses puck.
11:45 of 2nd period - Nathan Walker is hit by Petter Granberg and loses puck.
12:10 of 2nd period - Jordan Martinook is hit by Danny Kristo and loses puck.
13:21 of 2nd period - Wrist shot by Brandon Pirri.
13:21 of 2nd period - Stopped by Magnus Hellberg with a rebound.
13:35 of 2nd period - Snap shot by Brendan Gaunce.
13:35 of 2nd period - Shot Misses the Net.
13:55 of 2nd period - Slapshot by Gord Baldwin.
13:55 of 2nd period - Stopped by Magnus Hellberg with a rebound.
14:41 of 2nd period - Snap shot by Miro Aaltonen.
14:41 of 2nd period - Stopped by Jean-Francois Berube without a rebound.
14:42 of 2nd period - Nathan Gerbe wins face-off versus Miro Aaltonen in Griffins zone.
15:02 of 2nd period - Snap shot by Josh Bailey.
15:02 of 2nd period - Shot Blocked by Petter Granberg.
15:20 of 2nd period - Petter Granberg is hit by Ludwig Bystrom and loses puck.
15:48 of 2nd period - Brandon Pirri is hit by Miro Aaltonen and loses puck.
16:19 of 2nd period - Snap shot by Josh Bailey.
16:19 of 2nd period - Stopped by Jean-Francois Berube with a rebound.
16:35 of 2nd period - Snap shot by Brandon Pirri.
16:35 of 2nd period - Stopped by Magnus Hellberg without a rebound.
16:36 of 2nd period - Marko Dano wins face-off versus Linden Vey in Knights zone.
16:49 of 2nd period - Snap shot by Noel Acciari.
16:49 of 2nd period - Stopped by Jean-Francois Berube with a rebound.
16:51 of 2nd period - Wrist shot by Noel Acciari.
16:51 of 2nd period - Stopped by Jean-Francois Berube without a rebound.
16:52 of 2nd period - Mark Jankowski wins face-off versus Brendan Gaunce in Griffins zone.
18:01 of 2nd period - Danny Kristo is hit by Jordan Martinook and loses puck.
18:22 of 2nd period - Snap shot by Brandon Saad.
18:22 of 2nd period - Stopped by Jean-Francois Berube without a rebound.
18:23 of 2nd period - Rourke Chartier wins face-off versus Noel Acciari in Griffins zone.
18:23 of 2nd period - Rourke Chartier is hit by Brandon Saad.
18:29 of 2nd period - Slapshot by Noel Acciari.
18:29 of 2nd period - Stopped by Jean-Francois Berube with a rebound.
18:31 of 2nd period - Slapshot by Ludwig Bystrom.
18:31 of 2nd period - Shot Misses the Net.
18:59 of 2nd period - Snap shot by Linden Vey.
18:59 of 2nd period - Goal by Linden Vey - Knights : 5 - Griffins : 3.
18:59 of 2nd period - Olivier Roy enters game.
19:00 of 2nd period - Miro Aaltonen wins face-off versus Marko Dano in neutral zone.
19:03 of 2nd period - Petter Granberg is hit by Tomas Kundratek and loses puck.
19:54 of 2nd period - Snap shot by Danny Kristo.
19:54 of 2nd period - Shot Misses the Net.
Goals for this period are 2 for Knights vs 0 for Griffins.
Shots for this period are 10 for Knights vs 8 for Griffins.
3rd period
0:01 of 3rd period - Brandon Saad wins face-off versus Marko Dano in neutral zone.
0:04 of 3rd period - Ben Hanowski is hit by Linden Vey and loses puck.
0:13 of 3rd period - Snap shot by Tye McGinn.
0:13 of 3rd period - Stopped by Magnus Hellberg without a rebound.
0:14 of 3rd period - Noel Acciari wins face-off versus Nathan Gerbe in Knights zone.
0:44 of 3rd period - Snap shot by Anton Slepyshev.
0:44 of 3rd period - Shot Blocked by Brandon Montour.
1:00 of 3rd period - Backhand shot by Nathan Gerbe.
1:00 of 3rd period - Shot Misses the Net.
1:06 of 3rd period - Slapshot by Nathan Gerbe.
1:06 of 3rd period - Shot Misses the Net.
1:08 of 3rd period - Snap shot by Marcus Pettersson.
1:08 of 3rd period - Stopped by Magnus Hellberg with a rebound.
1:10 of 3rd period - Snap shot by Nathan Gerbe.
1:10 of 3rd period - Deflect By Anton Slepyshev.
1:10 of 3rd period - Stopped by Magnus Hellberg with a rebound.
1:12 of 3rd period - Wrist shot by Nathan Gerbe.
1:12 of 3rd period - Shot Misses the Net.
1:14 of 3rd period - Snap shot by Brandon Pirri.
1:14 of 3rd period - Shot Misses the Net.
1:16 of 3rd period - Slapshot by Gord Baldwin.
1:16 of 3rd period - Shot Blocked by Jordan Martinook.
1:18 of 3rd period - Wrist shot by Anton Slepyshev.
1:18 of 3rd period - Stopped by Magnus Hellberg with a rebound.
1:20 of 3rd period - Slapshot by Nathan Gerbe.
1:20 of 3rd period - Stopped by Magnus Hellberg with a rebound.
1:22 of 3rd period - Slapshot by Gord Baldwin.
1:22 of 3rd period - Shot Blocked by Brandon Montour.
2:16 of 3rd period - Wrist shot by Brendan Gaunce.
2:16 of 3rd period - Shot Blocked by Nathan Gerbe.
2:18 of 3rd period - Slapshot by Nikolay Goldobin.
2:18 of 3rd period - Stopped by Olivier Roy with a rebound.
2:20 of 3rd period - Slapshot by Collin Miller.
2:20 of 3rd period - Shot Misses the Net.
2:22 of 3rd period - Snap shot by Jordan Martinook.
2:22 of 3rd period - Stopped by Olivier Roy without a rebound.
2:23 of 3rd period - Marko Dano wins face-off versus Noel Acciari in Griffins zone.
2:50 of 3rd period - Sonny Milano is hit by Collin Miller and loses puck.
3:59 of 3rd period - Slapshot by Brandon Montour.
3:59 of 3rd period - Stopped by Olivier Roy with a rebound.
4:01 of 3rd period - Snap shot by Brandon Montour.
4:01 of 3rd period - Shot Blocked by Nicholas Baptiste.
4:03 of 3rd period - Wrist shot by Scott Wilson.
4:03 of 3rd period - Shot Blocked by Gord Baldwin.
5:48 of 3rd period - Icing by Haydn Fleury.
5:49 of 3rd period - Nicolas Petan wins face-off versus Rourke Chartier in Griffins zone.
5:52 of 3rd period - Wrist shot by Scott Wilson.
5:52 of 3rd period - Shot Blocked by Haydn Fleury.
5:54 of 3rd period - Snap shot by Jordan Martinook.
5:54 of 3rd period - Stopped by Olivier Roy without a rebound.
5:55 of 3rd period - Marko Dano wins face-off versus Brendan Gaunce in Griffins zone.
5:59 of 3rd period - Icing by Marko Dano.
6:00 of 3rd period - Marko Dano wins face-off versus Noel Acciari in Griffins zone.
7:07 of 3rd period - Jordan Martinook is hit by Danny Kristo and loses puck.
7:22 of 3rd period - Off-side.
7:23 of 3rd period - Nicolas Petan wins face-off versus Marko Dano in neutral zone.
8:16 of 3rd period - Snap shot by Rourke Chartier.
8:16 of 3rd period - Deflect By Brendan Woods.
8:16 of 3rd period - Stopped by Magnus Hellberg with a rebound.
8:18 of 3rd period - Backhand shot by Brendan Woods.
8:18 of 3rd period - Deflect By Nicholas Baptiste.
8:18 of 3rd period - Shot Misses the Net.
8:18 of 3rd period - Puck is out of play.
8:19 of 3rd period - Rourke Chartier wins face-off versus Noel Acciari in Knights zone.
8:22 of 3rd period - Slapshot by Brendan Woods.
8:22 of 3rd period - Stopped by Magnus Hellberg without a rebound.
8:23 of 3rd period - Marko Dano wins face-off versus Noel Acciari in Knights zone.
9:30 of 3rd period - Wrist shot by Nikolay Goldobin.
9:30 of 3rd period - Stopped by Olivier Roy with a rebound.
9:32 of 3rd period - Wrist shot by Noel Acciari.
9:32 of 3rd period - Stopped by Olivier Roy with a rebound.
9:34 of 3rd period - Slapshot by Tomas Kundratek.
9:34 of 3rd period - Shot Blocked by Mirco Mueller.
9:36 of 3rd period - Snap shot by Noel Acciari.
9:36 of 3rd period - Stopped by Olivier Roy without a rebound.
9:37 of 3rd period - Tye McGinn wins face-off versus Noel Acciari in Griffins zone.
9:54 of 3rd period - Ben Hanowski is hit by Linden Vey and loses puck.
10:08 of 3rd period - Snap shot by Marko Dano.
10:08 of 3rd period - Stopped by Magnus Hellberg without a rebound.
10:09 of 3rd period - Miro Aaltonen wins face-off versus Anton Slepyshev in Knights zone.
10:22 of 3rd period - Anton Slepyshev is hit by Miro Aaltonen and loses puck.
11:03 of 3rd period - Slapshot by Marko Dano.
11:03 of 3rd period - Stopped by Magnus Hellberg with a rebound.
11:09 of 3rd period - Ben Hanowski is hit by Scott Wilson and loses puck.
14:32 of 3rd period - Rourke Chartier is hit by Linden Vey and loses puck.
14:37 of 3rd period - Snap shot by Linden Vey.
14:37 of 3rd period - Shot Blocked by Rourke Chartier.
14:39 of 3rd period - Slapshot by Brandon Saad.
14:39 of 3rd period - Shot Blocked by Mirco Mueller.
14:41 of 3rd period - Slapshot by Michael Matheson.
14:41 of 3rd period - Shot Misses the Net.
14:43 of 3rd period - Wrist shot by Brandon Saad.
14:43 of 3rd period - Stopped by Olivier Roy with a rebound.
14:53 of 3rd period - Mirco Mueller is hit by Miro Aaltonen and loses puck.
15:06 of 3rd period - Snap shot by Rourke Chartier.
15:06 of 3rd period - Shot Misses the Net.
15:18 of 3rd period - Snap shot by Nicholas Baptiste.
15:18 of 3rd period - Deflect By Josh Bailey.
15:18 of 3rd period - Goal by Nicholas Baptiste - Knights : 5 - Griffins : 4.
15:19 of 3rd period - Marko Dano wins face-off versus Noel Acciari in neutral zone.
15:26 of 3rd period - Wrist shot by Tye McGinn.
15:26 of 3rd period - Stopped by Magnus Hellberg with a rebound.
15:28 of 3rd period - Minor Penalty to Brandon Montour for Hooking.
15:29 of 3rd period - Marko Dano wins face-off versus Miro Aaltonen in Knights zone.
16:52 of 3rd period - Josh Bailey is hit by Nathan Gerbe and loses puck.
17:25 of 3rd period - Brandon Saad is hit by Tye McGinn and loses puck.
17:28 of 3rd period - Penalty to Brandon Montour is over, Brandon Montour is back on ice.
18:36 of 3rd period - Snap shot by Jordan Martinook.
18:36 of 3rd period - Deflect By Nathan Gerbe.
18:36 of 3rd period - Stopped by Olivier Roy with a rebound.
18:38 of 3rd period - Backhand shot by Collin Miller.
18:38 of 3rd period - Shot Misses the Net.
19:24 of 3rd period - Mirco Mueller is hit by Collin Miller and loses puck.
19:51 of 3rd period - Snap shot by Jordan Martinook.
19:51 of 3rd period - Stopped by Olivier Roy with a rebound.
19:57 of 3rd period - Griffins, Olivier Roy is pulled from the net.
Goals for this period are 0 for Knights vs 1 for Griffins.
Shots for this period are 10 for Knights vs 11 for Griffins.
Back to the Top